 Dungeon Crawl Stone Soup version 0.31.0-11-ge490571c62 (webtiles) character file.

Game seed: 2279992060111320149

622 Ashen the Ruffian (level 7, -4/58 (67) HPs)
             Began as a Troll Shapeshifter on Feb 5, 2024.
             Engulfed by a cloud of flame (22 damage)
             ... on level 4 of the Dungeon.
             The game lasted 00:05:54 (2730 turns).

Ashen the Ruffian (Troll Shapeshifter)              Turns: 2730, Time: 00:05:54

HP:   -4/58 (67)    AC:  4    Str: 23    XL:     7   Next: 22%
MP:   6/6           EV: 10    Int:  6    God:
Gold: 231           SH:  5    Dex: 11    Spells: 6/6 levels left

rFire   . .          .
                       - Unarmed
rCold   . . .        (no shield)
rNeg    . . .        a - +0 animal skin
rPois   +            (helmet currently unavailable)
rElec   .            (cloak currently unavailable)
rCorr   .            (gloves unavailable)
SInv    .            (boots unavailable)
Will    .....        t - amulet of reflection
Stlth   +            l - ring of poison resistance
HPRegen 1.09/turn    (no ring)
MPRegen 0.10/turn

%: reflection
@: beast-form, heavily drained
A: beast (slay +2), large, unfitting armour, claws 3, regeneration 1, shaggy fur
1, tough skin 1
a: Begin Untransformation


You were on level 4 of the Dungeon.
You were a hulking beast.
You visited 1 branch of the dungeon, and saw 4 of its levels.

You collected 231 gold pieces.

Inventory:

Armour
 a - a +0 animal skin (worn)
 g - a scarf of shadows
 v - a scarf of resistance
Jewellery
 l - a ring of poison resistance (left claw)
 t - an amulet of reflection (around neck)
 w - an amulet of faith
Talismans
 c - a beast talisman
 d - a flux talisman
Wands
 A - a wand of roots (10)
Scrolls
 f - a scroll of immolation {unknown}
 h - a scroll of torment {unknown}
 k - a scroll of blinking {unknown}
 m - a scroll of vulnerability {unknown}
 n - 3 scrolls of fog {unknown}
 o - 2 scrolls of teleportation {unknown}
 s - a scroll of identify {unknown}
 u - a scroll of summoning {unknown}
 y - a scroll of enchant weapon {unknown}
 z - a scroll of noise {unknown}
Potions
 b - a potion of cancellation {unknown}
 e - 2 potions of curing {unknown}
 i - 4 potions of brilliance {unknown}
 j - 2 potions of heal wounds {unknown}
 p - a potion of invisibility {unknown}
 q - 2 potions of enlightenment {unknown}
 r - a potion of haste {unknown}
 x - a potion of mutation {unknown}


   Skills:
 + Level 3.2 Fighting
 + Level 3.5 Dodging
 + Level 4.9 Unarmed Combat
 + Level 4.6 Shapeshifting


You had 6 spell levels left.
You didn't know any spells.
Your spell library contained the following spells:

 Spells                   Type           Power      Damage    Failure   Level
 Apportation              Tloc           0%         N/A       45%         1
 Jinxbite                 Hex            0%         N/A       58%         2
 Fugue of the Fallen      Necr           0%         N/A       83%         3
 Ozocubu's Armour         Ice            0%         N/A       83%         3
 Manifold Assault         Tloc           0%         N/A       99%         4
 Alistair's Intoxication  Alch           0%         N/A       100%        5


Dungeon Overview and Level Annotations

Branches:
Dungeon (4/15)
 Temple: D:4-7

Altars:
Kikubaaqudgha
Vehumet

Shops:
D:2 [

Annotations:
D:4 3 runed translucent doors, Edmund; nms23's ghost, amateur DsSh


Innate Abilities, Weirdness & Mutations

You are a hulking beast.
Your limbs bulge with bestial killing power. (Slay +2)
You are too large for most types of armour.
You have claws for hands.
Your natural rate of healing is unusually fast.
You are covered in fur. (AC +1)
You have tough skin. (AC +1)


Message History

There is a stone staircase leading up here.
Found a club.
Found a radiant altar of Vehumet.
Edmund the Younger comes into view.
He is wielding a +3 flail of draining.
Edmund is nearby!
No reachable target in view!
Edmund shouts!
You see here 11 gold pieces.
You now have 231 gold pieces (gained 11).
You scratch Edmund.
Edmund is lightly wounded.
Edmund hits you with a +3 flail of draining!
You feel drained.
You claw Edmund!
Edmund is moderately wounded.
Edmund barely misses you.
You closely miss Edmund.
Edmund is moderately wounded.
Edmund hits you with a +3 flail of draining!
You feel drained.
You claw Edmund!
Edmund is severely wounded.
Edmund barely misses you.
You barely miss Edmund.
Edmund is severely wounded.
Edmund barely misses you.
You scratch Edmund.
Edmund is severely wounded.
You closely miss Edmund.
Edmund is severely wounded.
Edmund says, "You wouldn't believe how much I paid for this flail."
Edmund hits you with a +3 flail of draining!
You feel drained.
You scratch Edmund but do no damage.
Edmund is severely wounded.
Edmund hits you with a +3 flail of draining!
You feel drained.
You closely miss Edmund.
Edmund is severely wounded.
You are engulfed in blazing flames.
You die...

########
#########
........
.......#
..######
#○.....#
..#
##.)°°..#
..#
#..._§.#
#.#
#.°§@§.#
#)#
#...h..#
#.#
#..#.###
#.# ##...#
#.. .#
######.###
####.#
#......# #
#.#
#.###### #
#.# #.# #
#.# #.# #
#.# #.#


You could see Edmund.

Vanquished Creatures
  Pargi (D:3)
  A black bear (D:4)
  A scorpion (D:4)
  Crazy Yiuf (D:3)
  2 bombardier beetles (D:4)
  Ijyb (D:4)
  Natasha (thrice) (D:3)
  An iguana (D:4)
  An orc wizard (D:3)
  3 gnolls (D:4)
  2 adders
  2 ribbon worms
  2 dart slugs (D:4)
  8 orcs (D:3)
  4 ball pythons
  5 bats
  6 endoplasms
  5 goblins
  6 hobgoblins
  4 jackals (D:1)
  5 quokkas
  6 frilled lizards
  3 kobolds
  3 rats
76 creatures vanquished.

Vanquished Creatures (others)
  A kobold (D:4)
1 creature vanquished.

Grand Total: 77 creatures vanquished

Notes
Turn   | Place    | Note
-------+----------+-------------------------------------------
     0 | D:1      | Ashen the Troll Shapeshifter began the quest for the Orb.
     0 | D:1      | Reached XP level 1. HP: 18/18 MP: 0/0
    37 | D:1      | Reached skill level 1 in Fighting
    48 | D:1      | Reached XP level 2. HP: 27/27 MP: 1/1
   866 | D:2      | Found Kaal's Antique Armour Shop.
   919 | D:2      | Reached XP level 3. HP: 33/33 MP: 2/2
  1367 | D:3      | Noticed Natasha
  1375 | D:3      | Killed Natasha
  1448 | D:3      | Reached XP level 4. HP: 42/42 MP: 3/3
  1563 | D:3      | Noticed Natasha
  1566 | D:3      | Killed Natasha
  1574 | D:3      | Found an ancient bone altar of Kikubaaqudgha.
  1584 | D:3      | Reached XP level 5. HP: 49/49 MP: 4/4
  1701 | D:3      | Found a runed translucent door.
  1702 | D:3      | Noticed Crazy Yiuf
  1711 | D:3      | Killed Crazy Yiuf
  1806 | D:3      | Noticed Natasha
  1816 | D:3      | Killed Natasha
  1857 | D:3      | Noticed Pargi
  1872 | D:3      | Killed Pargi
  1873 | D:3      | Reached XP level 6. HP: 59/59 MP: 5/5
  2084 | D:4      | Noticed nms23's ghost (amateur DsSh)
  2172 | D:4      | Reached XP level 7. HP: 46/67 MP: 6/6
  2457 | D:4      | Noticed Ijyb
  2466 | D:4      | Killed Ijyb
  2480 | D:4      | Found a runed translucent gate.
  2481 | D:4      | Found a runed translucent gate.
  2482 | D:4      | Found a runed translucent gate.
  2713 | D:4      | Found a radiant altar of Vehumet.
  2715 | D:4      | Noticed Edmund
  2730 | D:4      | Engulfed by a cloud of flame

Illustrated notes

Levels and vault maps discovered:
D:1:      psy_arrival_dodecagon, layout_loops_corners
D:2:      cheibrodos_helix_gallery, layout_loops_ring, serial_shops, shop,
          nicolae_the_louvre
D:3:      layout_rooms, nicolae_kikubaaqudgha_miasma_corner, uniq_pargi,
          uniq_crazy_yiuf_cottage, uniq_natasha
D:4:      layout_loops_ring, fiery_altar_vehumet, gammafunk_ghost_split,
          uniq_edmund, uniq_ijyb

Skill      XL: |  1  2  3  4  5  6 |
---------------+-------------------+-----
Fighting       | 1 2 3 |  3.2
Dodging        | 2 3 |  3.5
Unarmed Combat | 4 |  4.9
Shapeshifting  | 4 |  4.6

Action                     |  1- 3 |  4- 6 |  7- 9 || total
---------------------------+-------+-------+-------++-------
  Melee: Unarmed           |    84 |   118 |    37 ||   239
         Punch             |     1 |     1 |     1 ||     3
    Use: Potion            |       |     1 |       ||     1
 Armour: Animal skin       |    58 |    86 |    14 ||   158
         Skin              |       |    24 |       ||    24
  Dodge: Dodged            |    37 |    52 |    12 ||   101
  Block: Other             |     2 |    18 |     3 ||    23
